 Dungeon Crawl Stone Soup version 0.29-a0-9-g022ca4c890 (webtiles) character file.

Game seed: 16144985470878842691

153 bjtr the Ogre Mage (level 5, -2/45 HPs)
             Began as an Ogre Fire Elementalist on Jan 28, 2022.
             Slain by a bullfrog skeleton (5 damage)
             ... on level 5 of the Dungeon.
             The game lasted 00:14:07 (5178 turns).

bjtr the Ogre Mage (Ogre Fire Elementalist)         Turns: 5178, Time: 00:14:07

Health: -2/45      AC:  3    Str: 12    XL:     5   Next: 35%
Magic:  2/11       EV: 10    Int: 18    God:
Gold:   154        SH:  0    Dex:  9    Spells: 9/12 levels left

rFire   + . .      SeeInvis .   j - staff of fire
rCold   . . .      Faith    .   (no shield)
rNeg    . . .      Spirit   .   a - +0 robe
rPois   .          Reflect  .   (helmet restricted)
rElec   .          Harm     .   (no cloak)
rCorr   .          Rampage  .   (gloves unavailable)
Will    .....                   (boots unavailable)
Stlth   +.........              (no amulet)
HPRegen 0.15/turn               (no ring)
MPRegen 0.12/turn               (no ring)

@: no status effects
A: large, unfitting armour, tough skin 1
a: no special abilities


You were on level 5 of the Dungeon.
You visited 1 branch of the dungeon, and saw 5 of its levels.

You collected 154 gold pieces.

Inventory:

Hand Weapons
 d - a +0 mace
 e - a +0 dagger
 f - a +0 short sword of draining
 h - a +0 falchion
Missiles
 b - 91 stones
 n - 3 poisoned darts
Armour
 a - a +0 robe (worn)
Magical Staves
 j - a staff of fire (weapon)
Potions
 c - a potion of attraction
 g - a potion of flight
 i - a potion of curing {unknown}
 l - a potion of resistance {unknown}
 m - a potion of brilliance


   Skills:
 + Level 2.1 Dodging
 - Level 1.4 Stealth
 + Level 4.0 Spellcasting
 + Level 2.1 Conjurations
 + Level 3.8 Fire Magic


You had 9 spell levels left.
You knew the following spells:

 Your Spells              Type           Power      Damage    Failure   Level
a - Foxfire               Conj/Fire      84%        2x1d8     4%          1
b - Scorch                Fire           52%        2d7       4%          2

Your spell library contained the following spells:

 Spells                   Type           Power      Damage    Failure   Level
 Conjure Flame            Conj/Fire      21%        6-21      13%         3
 Inner Flame              Hex/Fire       15%        N/A       21%         3
 Flame Wave               Conj/Fire      21%        2d7       38%         4


Dungeon Overview and Level Annotations

Branches:
Dungeon (5/15)
 Temple: D:4-7

Altars:

Annotations:
D:4 Dowan, Duvessa, Pikel


Innate Abilities, Weirdness & Mutations

You are too large for most types of armour.
You have tough skin. (AC +1)


Message History

You feel a surge of power!
You conjure some foxfire!
The foxfire hits Duvessa.
Duvessa is moderately wounded.
The foxfire hits Duvessa.
Duvessa is heavily wounded.
Casting: Foxfire (safe; 4% risk of failure)
Confirm with . or Enter, or press ? or * to list all spells.
You feel a surge of power!
Flames lash Duvessa but do no damage.
Duvessa throws a javelin.
The javelin pierces through you!
Casting: Scorch (safe; 4% risk of failure)
Confirm with . or Enter, or press ? or * to list all spells.
You feel a surge of power!
You conjure some foxfire!
Casting: Foxfire (safe; 4% risk of failure)
Confirm with . or Enter, or press ? or * to list all spells.
You feel a surge of power!
You conjure some foxfire!
Duvessa hits you with a +0 short sword!
* * * LOW HITPOINT WARNING * * *
Unknown command.
You hit Duvessa but do no damage.
Duvessa is heavily wounded.
The foxfire hits Duvessa but does no damage.
Duvessa is heavily wounded.
The foxfire hits Duvessa but does no damage.
Duvessa is heavily wounded.
The foxfire hits Duvessa but does no damage.
Duvessa is heavily wounded.
The foxfire hits Duvessa.
Duvessa is heavily wounded.
Duvessa hits you with a +0 short sword.
* * * LOW HITPOINT WARNING * * *
Okay, then.
Duvessa throws a javelin.
The javelin pierces through you but does no damage.
Duvessa throws a javelin.
The javelin pierces through you!
* * * LOW HITPOINT WARNING * * *
Duvessa throws a javelin.
The javelin closely misses you.
There is an escape hatch in the floor here.
You slide downwards.
The hatch slams shut behind you. The bullfrog skeleton hits you.
You die...

####.......
#......#
#......#
#......+
#......#
#......#
#......#
#Z.....#
#@.....#
#......#
#......#
#......+
.......#
.......#
..#######
..


You could see a bullfrog skeleton.

Vanquished Creatures
  Terence (D:3)
  7 adders
  2 dart slugs
  An orc (D:4)
  A ball python (D:3)
  5 endoplasms
  2 giant cockroaches
  11 goblins
  5 hobgoblins
  2 quokkas (D:1)
  9 bats
  3 frilled lizards (D:2)
  6 kobolds
  2 rats
57 creatures vanquished.

Vanquished Creatures (collateral kills)
  2 foxfires (D:3)
2 creatures vanquished.

Vanquished Creatures (others)
  167 foxfires
  4 plants (D:3)
171 creatures vanquished.

Grand Total: 230 creatures vanquished

Notes
Turn   | Place    | Note
-------+----------+-------------------------------------------
     0 | D:1      | bjtr the Ogre Fire Elementalist began the quest for the
                  | Orb.
     0 | D:1      | Reached XP level 1. HP: 16/16 MP: 3/3
   279 | D:1      | Found a faded altar of an unknown god.
   577 | D:1      | Reached XP level 2. HP: 24/24 MP: 1/5
   583 | D:1      | Learned a level 2 spell: Scorch
  1697 | D:2      | Reached XP level 3. HP: 29/31 MP: 1/7
  1769 | D:2      | Reached skill level 1 in Conjurations
  2516 | D:2      | Reached skill level 3 in Spellcasting
  2517 | D:2      | Reached XP level 4. HP: 35/39 MP: 1/8
  3638 | D:3      | Noticed Terence
  3735 | D:3      | Killed Terence
  3736 | D:3      | Reached XP level 5. HP: 24/45 MP: 4/10
  4483 | D:4      | Noticed a lemure
  4483 | D:4      | Noticed a lemure
  4483 | D:4      | Noticed a lemure
  4483 | D:4      | Noticed Pikel
  4654 | D:4      | Reached skill level 4 in Spellcasting
  4726 | D:4      | Noticed Duvessa
  4731 | D:4      | Noticed Dowan
  4766 | D:4      | HP: 2/45 [Duvessa (8)]
  5165 | D:4      | HP: 1/45 [Duvessa/javelin (8)]
  5171 | D:5      | Entered Level 5 of the Dungeon
  5178 | D:5      | Slain by a bullfrog skeleton

Illustrated notes

Levels and vault maps discovered:
D:1:      onia_arrival_mini_maze_b, layout_basic,
          dreamdust_ecumenical_altar_hidden_monk_grotto, minmay_misc_feat_x,
          moated_statue, minmay_door_square,
          nicolae_concentric_dashed_squares_mild
D:2:      layout_basic, minmay_goblin_outpost
D:3:      layout_basic, serial_forest, infiniplex_forest_straight_4,
          infiniplex_forest_lined_3_way, infiniplex_forest_clump_medium,
          infiniplex_forest_clump_double, infiniplex_forest_zigzag_2,
          infiniplex_forest_lined_corner, infiniplex_forest_clump_long,
          kennysheep_generic_room_6, uniq_terence
D:4:      layout_basic, palyth_stone_intersect, uniq_pikel, uniq_duvessa
D:5:      layout_gridville, corner_web_ring, minmay_checkerbox

Skill      XL: |  1  2  3  4  5 |
---------------+----------------+-----
Fire Magic     | 3 |  3.8
Dodging        | 2 |  2.1
Conjurations   | 1 2 |  2.1
Spellcasting   | 3 4 |  4.0
Stealth        | |  1.4

Action                   |  1- 3 |  4- 6 || total
-------------------------+-------+-------++-------
Melee: Staff             |     8 |    10 ||    18
       Short sword       |     2 |       ||     2
       Punch             |       |     1 ||     1
 Cast: Foxfire           |    52 |    44 ||    96
       Scorch            |     4 |    26 ||    30
  Use: Scroll            |       |     5 ||     5
       Potion            |       |     5 ||     5
 Stab: Sleeping          |     1 |       ||     1
Armor: Robe              |     7 |     5 ||    12
Dodge: Dodged            |     7 |    14 ||    21

Table legend: (Time is in decaauts)
 A = Elapsed time spent in this place.
 B = Non-inter-level travel time spent in this place.
 C = Inter-level travel time spent in this place.
 D = Time resting spent in this place.
 E = Time spent auto-exploring this place.
 F = Levels seen in this place.
 G = Mean time per level.
                   A        B        C        D        E       F      G
               +--------+--------+--------+--------+--------+-----+--------+
         Total |   5163 |   4825 |    338 |    676 |   3550 |   5 | 1032.6 |
       Dungeon |   5163 |   4825 |    338 |    676 |   3550 |   5 | 1032.6 |
               +--------+--------+--------+--------+--------+-----+--------+

Top non-repeatable levels by time:
     D:3: 1801 daAuts
     D:1: 1583 daAuts
     D:2: 1351 daAuts
     D:4: 420 daAuts
     D:5: 6 daAuts
